 Dungeon Crawl Stone Soup version 0.21-a0-135-g8dc100c (webtiles) character file.

2686 Ordine the Sneak (level 9, -4/47 HPs)
             Began as a Deep Elf Wizard on July 17, 2017.
             Was a Follower of Sif Muna.
             Shot with a sling bullet by Joseph (21 damage)
             ... on level 7 of the Dungeon.
             The game lasted 00:34:39 (9472 turns).

Ordine the Sneak (Deep Elf Wizard)                  Turns: 9472, Time: 00:34:40

Health: -4/47      AC:  8    Str:  4    XL:     9   Next: 38%
Magic:  9/18       EV: 14    Int: 27    God:    Sif Muna [*.....]
Gold:   318        SH:  0    Dex: 13    Spells: 7/18 levels left

rFire    + . .     SeeInvis +   m - +1 dagger (speed)
rCold    . . .     Gourm    .   (no shield)
rNeg     . . .     Faith    .   a - +0 robe
rPois    .         Spirit   .   y - +1 helmet {SInv}
rElec    .         Reflect  .   g - +1 cloak
rCorr    .         Harm     .   f - +1 pair of gloves
MR       +....                  (no boots)
Stlth    +++.......             l - amulet of regeneration
HPRegen  0.55/turn              D - ring of protection from fire
MPRegen  0.16/turn              i - ring of protection from magic

@: no status effects
A: no striking features
a: Divine Energy, Renounce Religion


You were on level 7 of the Dungeon.
You worshipped Sif Muna.
Sif Muna was aware of your devotion.
You were not hungry.

You visited 2 branches of the dungeon, and saw 8 of its levels.
You also visited: Sewer and Ossuary.

You collected 318 gold pieces.

Inventory:

Hand Weapons
 m - a +1 dagger of speed (weapon)
Armour
 a - a +0 robe (worn)
 f - a +1 pair of gloves (worn)
 g - a +1 cloak (worn)
 y - a +1 helmet of see invisible (worn)
Jewellery
 i - a ring of protection from magic (right hand)
 l - an amulet of regeneration (around neck)
 p - an uncursed ring of flight
 D - a ring of protection from fire (left hand)
Wands
 x - a wand of iceblast (15/15)
 A - a wand of clouds (4/9)
Scrolls
 b - 2 scrolls of enchant armour
 j - 5 scrolls of teleportation
 t - 3 scrolls of remove curse
Potions
 e - 2 potions of agility
 h - 2 potions of resistance
 k - 3 potions of flight
 n - 4 potions of curing
 o - 5 potions of brilliance
 r - 7 potions of heal wounds
 s - 4 potions of haste
 u - 3 potions of mutation {unknown}
 w - a potion of invisibility {unknown}
 B - a potion of berserk rage {unknown}
 C - a potion of magic {unknown}
Books
 c - a book of Minor Magic

   Spells                             Type                      Level
   a - Magic Dart                     Conjuration                  1
   b - Blink                          Translocation                2
   c - Call Imp                       Summoning                    2
   d - Slow                           Hexes                        2
   e - Conjure Flame                  Conjuration/Fire             3
   f - Mephitic Cloud                 Conjuration/Poison/Air       3
Comestibles
 d - 9 bread rations
 q - 3 royal jellies
 v - 2 meat rations


   Skills:
 + Level 1.2 Fighting
 + Level 1.7 Short Blades
 + Level 4.1 Dodging
 + Level 6.3 Stealth
 - Level 5.0 Spellcasting
 - Level 5.0 Conjurations
 + Level 4.3 Summonings
 + Level 3.5 Translocations
 + Level 4.4 Fire Magic
 + Level 4.1 Air Magic
 + Level 4.4 Poison Magic
 + Level 2.3 Invocations
 - Level 4.0 Evocations


You had 7 spell levels left.
You knew the following spells:

 Your Spells              Type           Power        Failure   Level  Hunger
a - Magic Dart            Conj           ####         1%          1    None
b - Blink                 Tloc           N/A          2%          2    None
c - Call Imp              Summ           ####....     1%          2    None
d - Conjure Flame         Conj/Fire      ####....     3%          3    #......
e - Mephitic Cloud        Conj/Pois/Air  ####....     3%          3    #......


Dungeon Overview and Level Annotations

Branches:
Dungeon (7/15)             Temple (1/1) D:6

Altars:
Ashenzari
Cheibriados
Dithmenos
Elyvilon
Fedhas
Gozag
Hepliaklqana
Kikubaaqudgha
Makhleb
Nemelex Xobeh
Okawaru
Qazlal
Ru
Sif Muna
Trog
Uskayaw
Vehumet
Wu Jian
Xom
Yredelemnul
Zin
The Shining One

Shops:
D:4 }}

Annotations:
D:7 Joseph


Message History

Aiming: Mephitic Cloud
Press: ? - help, Shift-Dir - straight line, f - Joseph
Aim: Joseph, wielding a hunting sling of velocity and wearing a ring mail (flame, moderately wounded)
The ball explodes into a vile cloud!
The stinking cloud engulfs Joseph.
Joseph is moderately wounded.
Joseph is engulfed in blazing flames.
Joseph shoots a sling bullet.
The sling bullet hits you!
Unknown command.
Unknown command.
Unknown command.
Casting: Mephitic Cloud
Confirm with . or Enter, or press ? or * to list all spells.
Aiming: Magic Dart
Press: ? - help, Shift-Dir - straight line, f/p - Joseph
Aim: Joseph, wielding a hunting sling of velocity and wearing a ring mail (flame, moderately wounded)
The magic dart hits Joseph.
Joseph is moderately wounded.
Joseph is engulfed in blazing flames.
Joseph shoots a sling bullet.
The sling bullet hits you!!
You die...

######.._..# #@ ##⌠.⌠##
#. ##..# #. ##.# #.
#########.## #.
......>....# #.
#########..# #@######
#..# #§§(...#
#########..####.@...####
#......................#
...######..####.....##.#
#..# #..# #.....##.#
#..# #..######.####.#
...# #.........# #.#
#.## #..######## #.# ..#
#..# #.# .########..#
#.#


You could see Joseph.

Vanquished Creatures
  A two-headed ogre (D:6)
  Prince Ribbit (D:6)
  A hippogriff (D:6)
  A spriggan (D:7)
  An orc warrior (D:6)
  A phantom (D:6)
  A centaur (D:6)
  2 elf zombies (Ossuary)
  A big kobold (Sewer)
  A bullfrog (D:6)
  2 crimson imps
  A centaur zombie (Ossuary)
  3 human zombies (Ossuary)
  2 jellies
  3 hounds (D:6)
  2 orc priests
  2 worker ants (D:4)
  2 iguanas
  2 orc wizards
  A big kobold zombie (Ossuary)
  A hound zombie (D:5)
  2 mummies (Ossuary)
  A worker ant zombie (D:7)
  8 adders
  7 gnolls
  A river rat (Sewer)
  A shadow imp (D:5)
  An adder zombie (D:5)
  A worm zombie (D:7)
  3 worms
  2 adder skeletons (D:6)
  A dart slug (D:3)
  4 leopard geckos
  15 orcs
  6 giant cockroaches
  7 goblins
  4 hobgoblins
  11 jackals
  9 kobolds
  3 quokkas
  2 ball pythons
  6 bats
  7 frilled lizards
  A goblin zombie (Ossuary)
  9 hobgoblin zombies
  10 kobold zombies
  10 orc zombies (Ossuary)
  13 rats
  A rat zombie (Ossuary)
178 creatures vanquished.

Vanquished Creatures (collateral kills)
  A black bear (D:4)
  An ogre (D:5)
  A scorpion (D:4)
  A crimson imp (D:5)
  A hound (D:6)
  A jelly (D:5)
  3 orc wizards
  A centaur skeleton (D:5)
  An iguana (D:6)
  2 worker ants (D:5)
  A hound zombie (D:6)
  2 gnolls (D:5)
  An adder (D:6)
  A river rat (D:3)
  A worm zombie (D:7)
  An adder skeleton (D:4)
  A worm (D:2)
  14 orcs
  A goblin (D:3)
  A quokka (D:5)
  A bat (D:2)
  2 kobolds
  4 rats (D:3)
44 creatures vanquished.

Grand Total: 222 creatures vanquished

Notes
Turn   | Place    | Note
-------+----------+-------------------------------------------
     0 | D:1      | Ordine the Deep Elf Wizard began the quest for the Orb.
     0 | D:1      | Reached XP level 1. HP: 10/10 MP: 7/7
   172 | D:1      | Reached XP level 2. HP: 15/15 MP: 2/9
   176 | D:1      | Learned a level 2 spell: Blink
   179 | D:1      | Learned a level 2 spell: Call Imp
   800 | D:1      | Reached XP level 3. HP: 17/19 MP: 4/11
   805 | D:1      | Learned a level 3 spell: Conjure Flame
   809 | D:1      | Learned a level 3 spell: Mephitic Cloud
  1301 | D:2      | Reached skill level 3 in Stealth
  1602 | D:2      | Reached XP level 4. HP: 24/24 MP: 7/12
  2130 | D:3      | Reached skill level 5 in Spellcasting
  2541 | D:3      | Found a white marble altar of Elyvilon.
  2620 | D:3      | Reached XP level 5. HP: 18/28 MP: 2/14
  2636 | D:3      | Found a glowing drain.
  2642 | Sewer    | Entered a sewer
  2810 | Sewer    | Reached skill level 4 in Stealth
  2810 | Sewer    | Reached skill level 1 in Poison Magic
  2877 | Sewer    | Found a white marble altar of Elyvilon.
  3040 | D:3      | Reached skill level 1 in Air Magic
  3155 | D:3      | Reached skill level 1 in Fire Magic
  3706 | D:4      | Found Jevollu's Gadget Boutique.
  3718 | D:4      | Reached XP level 6. HP: 14/32 MP: 0/15
  3845 | D:4      | Reached skill level 1 in Evocations
  4249 | D:4      | Found Huynelan's Gadget Shop.
  4581 | D:5      | Entered Level 5 of the Dungeon
  4955 | D:5      | Reached XP level 7. HP: 36/36 MP: 8/16
  6076 | D:6      | Noticed Prince Ribbit
  6140 | D:6      | Killed Prince Ribbit
  6140 | D:6      | Reached skill level 5 in Stealth
  6364 | D:6      | Reached XP level 8. HP: 41/41 MP: 9/17
  6397 | D:6      | Noticed a hippogriff
  6412 | D:6      | Killed a hippogriff
  6928 | D:6      | Found a staircase to the Ecumenical Temple.
  6942 | Temple   | Entered the Ecumenical Temple
  7082 | Temple   | Became a worshipper of Sif Muna the Loreminder
  7220 | D:6      | Reached skill level 5 in Conjurations
  7519 | D:6      | Noticed a two-headed ogre
  7838 | D:6      | Killed a two-headed ogre
  7838 | D:6      | Reached skill level 1 in Fighting
  7838 | D:6      | Reached skill level 1 in Short Blades
  7838 | D:6      | Reached skill level 6 in Stealth
  7838 | D:6      | Reached skill level 1 in Invocations
  7838 | D:6      | Reached XP level 9. HP: 6/47 MP: 3/18
  8182 | D:7      | Found a sparkling altar of Nemelex Xobeh.
  8400 | D:7      | Found a sand-covered staircase.
  8432 | Ossuary  | Entered an ossuary
  8621 | Ossuary  | Reached * piety under Sif Muna
  9461 | D:7      | Noticed Joseph
  9472 | D:7      | Shot with a sling bullet by Joseph

Vault maps used:
D:1:      nagdon_arrival_zigzag_paths, serial_bayou_pond_e
D:2:      first_bread
D:3:      portal_sewer_entry_e, minivault_11, elyvilon_altar_5
D:4:      black_bear_nest_2, serial_shops, kennysheep_mini,
          nicolae_shop_crystal, eino_curves_04, serial_bayou_pond_e
D:5:      minmay_misc_feat_ornament, kennysheep_dice
D:6:      minmay_diamond_boxcup, minmay_temple_entry_statues_pillars,
          uniq_prince_ribbit1
D:7:      nemelex_xobeh_ov_fountains_minmay, enter_ossuary_3, the_bakery,
          roderic_digamma_sauvastika, minmay_hedge_maze, ashenzari_altar_1,
          uniq_joseph
Temple:   roderic_octagonal_lattice_temple
Sewer:    sewer_kobolds
Ossuary:  ossuary_tomb_1

Skill      XL: |  1  2  3  4  5  6  7  8  9 |
---------------+----------------------------+-----
Conjurations   | 2 3 4 5 |  5.0
Dodging        | 3 4 |  4.1
Stealth        | 3 4 5 6 |  6.3
Spellcasting   | 5 |  5.0
Translocations | 2 3 |  3.5
Summonings     | 2 3 4 |  4.3
Poison Magic   | 1 2 3 4 |  4.4
Air Magic      | 1 2 3 4 |  4.1
Fire Magic     | 1 2 3 4 |  4.4
Evocations     | 1 2 4 |  4.0
Fighting       | 1 |  1.2
Short Blades   | 1 |  1.7
Invocations    | 1 2 |  2.3

Action                   |  1- 3 |  4- 6 |  7- 9 || total
-------------------------+-------+-------+-------++-------
Melee: Unarmed           |     5 |       |       ||     5
       Dagger            |       |    27 |    87 ||   114
 Cast: Magic Dart        |    79 |   168 |   334 ||   581
       Call Imp          |       |    51 |    17 ||    68
       Blink             |       |     4 |     4 ||     8
       Conjure Flame     |       |     2 |    16 ||    18
       Mephitic Cloud    |       |       |     7 ||     7
  Use: Scroll            |     4 |     4 |     8 ||    16
       Potion            |       |     2 |     1 ||     3
 Stab: Confused          |       |       |     1 ||     1
  Eat: Chunk             |     2 |    10 |    11 ||    23
       Bread ration      |       |       |     1 ||     1
Armor: Robe              |     5 |    24 |    50 ||    79
Dodge: Dodged            |    13 |    81 |   114 ||   208
